 Dungeon Crawl Stone Soup version 0.23-a0-394-g6ce9549 (webtiles) character file.

74 Matezma the Ruffian (level 4, -9/44 HPs)
             Began as a Troll Berserker on Oct 31, 2018.
             Was a Believer of Trog.
             Killed by divine providence
             ... invoked by an orc priest
              (12 damage)
             ... on level 3 of the Dungeon.
             The game lasted 00:05:46 (1603 turns).

Matezma the Ruffian (Troll Berserker)               Turns: 1603, Time: 00:05:47

Health: -9/44      AC:  5    Str: 25    XL:     4   Next: 9%
Magic:  3/3        EV: 10    Int:  3    God:    Trog [**....]
Gold:   60         SH:  0    Dex: 10    Spells: 3/3 levels left

rFire    . . .     SeeInvis .     - Unarmed
rCold    . . .     Gourm    +   (no shield)
rNeg     . . .     Faith    .   a - +0 animal skin
rPois    .         Spirit   .   (helmet restricted)
rElec    .         Reflect  .   (no cloak)
rCorr    .         Harm     .   (gloves unavailable)
MR       .....                  (boots unavailable)
Stlth    +.........             (no amulet)
HPRegen  0.54/turn              (no ring)
MPRegen  0.08/turn              (no ring)

@: no status effects
A: large, unfitting armour, claws 3, fast metabolism 3, gourmand, regeneration
1, shaggy fur 1, tough skin 2
a: Berserk, Trog's Hand, Renounce Religion


You were on level 3 of the Dungeon.
You worshipped Trog.
Trog was pleased with you.
You were not hungry.

You visited 1 branch of the dungeon, and saw 3 of its levels.

You collected 60 gold pieces.

Inventory:

Missiles
 c - 142 stones (quivered)
Armour
 a - a +0 animal skin (worn)
Jewellery
 e - an uncursed ring of flight {unknown}
Scrolls
 f - a scroll of blinking {unknown}
 g - a scroll of identify {unknown}
 h - a scroll of noise {unknown}
 i - a scroll of immolation {unknown}
 o - a scroll of teleportation {unknown}
Potions
 d - a potion of lignification {unknown}
 j - a potion of might {unknown}
 k - a potion of resistance {unknown}
 l - a potion of cancellation {unknown}
 m - 2 potions of agility {unknown}
 n - 2 potions of flight {unknown}
 p - a potion of haste {unknown}
 q - a potion of curing {unknown}
 r - a potion of mutation {unknown}
Comestibles
 b - 2 rations


   Skills:
 - Level 2.8 Fighting
 - Level 2.9 Dodging
 - Level 0.1 Stealth
 + Level 4.1 Unarmed Combat


You had 3 spell levels left.
You didn't know any spells.
Your spell library was empty.

Dungeon Overview and Level Annotations

Branches:
Dungeon (3/15)

Altars:

Annotations:
D:3 Sigmund


Innate Abilities, Weirdness & Mutations

You are too large for most types of armour.
You have claws for hands.
Your metabolism is lightning-fast.
You like to eat raw meat.
Your natural rate of healing is unusually fast.
You are covered in fur. (AC +1)
You have very tough skin. (AC +2)


Message History

You mangle the orc!!
You kill the orc!
Trog accepts your kill.
You claw the orc priest!
The orc priest is almost dead.
The orc priest invokes the aid of Beogh against you.
Beogh smites you!
You hear some strange, mumbled words.
A puff of flame appears from out of thin air!
The puff of flame hits you!
* * * LOW HITPOINT WARNING * * *
The orc priest calls down the wrath of Beogh upon you.
Beogh smites you!
* * * LOW HITPOINT WARNING * * *
You hear a zap.
A puff of flame appears from out of thin air!
The puff of flame misses you. The jackal closely misses you.
The orc priest invokes the aid of Beogh against you.
Beogh smites you!
You die...

.# #. .# # #.#
.# . #.# .#.#
#.# ##.#.#
###.###(...#
#......[{..#
#####.#.###h...#
........!@.ho#.#
####.#.##.###
#.#.##.#
#.#[##.#
#.#.##.#
#.#####<#.##.#
#.......#.##.#
#.######...#.#
#####......#


You could see an orc priest and 2 jackals.

Vanquished Creatures
  2 adders (D:2)
  An ooze (D:2)
  A worm (D:3)
  2 leopard geckos
  2 orcs (D:3)
  2 ball pythons
  8 goblins
  A hobgoblin (D:1)
  3 jackals (D:1)
  11 bats
  A frilled lizard (D:2)
  6 kobolds
  5 rats
45 creatures vanquished.

Notes
Turn   | Place    | Note
-------+----------+-------------------------------------------
     0 | D:1      | Matezma the Troll Berserker began the quest for the Orb.
     0 | D:1      | Reached XP level 1. HP: 22/22 MP: 0/0
   168 | D:1      | Reached XP level 2. HP: 29/29 MP: 1/1
   978 | D:2      | Reached ** piety under Trog
   978 | D:2      | Reached XP level 3. HP: 31/36 MP: 2/2
  1347 | D:2      | Found a faded altar of an unknown god.
  1497 | D:2      | Reached skill level 4 in Unarmed Combat
  1578 | D:3      | Reached XP level 4. HP: 39/44 MP: 3/3
  1596 | D:3      | Noticed Sigmund
  1603 | D:3      | Killed from afar by an orc priest

Vault maps used:
D:1:      dpeg_arrival_round_c
D:2:      chequers_ecumenical_altar_grove
D:3:      nemelex_dance_club_becter, uniq_ijyb, uniq_sigmund

Skill      XL: |  1  2  3 |
---------------+----------+-----
Unarmed Combat | 4 |  4.1
Fighting       | |  2.8
Dodging        | |  2.9
Stealth        | |  0.1

Action                   |  1- 3 |  4- 6 || total
-------------------------+-------+-------++-------
Melee: Unarmed           |   124 |     3 ||   127
 Stab: Sleeping          |     1 |       ||     1
  Eat: Ration            |     2 |       ||     2
       Chunk             |     6 |       ||     6
Armor: Animal skin       |    61 |     1 ||    62
Dodge: Dodged            |    83 |     5 ||    88

Table legend:
 A = Non-vault XP
 B = Vault XP
 C = Vault XP percentage of total XP
 D = Non-vault monster count
 E = Vault monster count
 F = Vault count percentage of total count
                 A         B        C        D         E       F
            +---------+---------+-------+---------+---------+-------
      Total |     106 |       0 |   0.0 |      45 |       0 |   0.0
            +---------+---------+-------+---------+---------+-------
        D:1 |      40 |       0 |   0.0 |      24 |       0 |   0.0
        D:2 |      55 |       0 |   0.0 |      18 |       0 |   0.0
        D:3 |      11 |       0 |   0.0 |       3 |       0 |   0.0
            +---------+---------+-------+---------+---------+-------
